AoeStats
← NPG | FishCL

Black Forest

503279817Analyzed
4v4 RM · 1mo ago on Aug 30, 2026· 40m 59s· 8 players
Game mode
Random Map
Map size
Large (8 player)
Population
200
Speed
Normal
Resources
Standard
Victory
Conquest
Starting age
Dark Age
Ending age
Imperial Age
RankedLock teamsTeams togetherTeam positionsShared explorationLock speedFull tech treeHidden civsTurbo modeCheats
Victory
Defeat
🇦🇷 Mongols · Argentina
1675
+10
🇨🇱 Franks · Chile
1652
+10
🇦🇷 Ethiopians · Argentina
1556
+15
🇨🇦 Koreans · Canada
1363
+23
🇺🇸 Persians · United States
1575
-17
🇦🇷 Ethiopians · Argentina
1541
-15
🇺🇸 Teutons · United States
1504
-13
🇺🇸 Goths · United States
1489
-13
ila
12:31 Feudal Age
16:14 Castle Age
14:01 Double-Bit Axe
15:50 Loom
16:47 Fishing Lines
17:56 Wheelbarrow
18:28 Bow Saw
20:43 Gold Mining
21:45 Stone Mining
23:23 Horse Collar
23:56 Fletching
24:29 Scale Barding Armor
24:34 Forging
24:57 Gillnets
25:24 Bodkin Arrow
26:09 Bloodlines
27:31 Chain Barding Armor
27:39 Heavy Plow
27:45 Husbandry
28:30 Hand Cart
28:00 Town Watch
28:54 Iron Casting
29:39 Gold Shaft Mining
31:07 Caravan
31:41 Town Patrol
33:03 Stone Shaft Mining
35:11 Imperial Age
35:56 Conscription
36:17 Plate Barding Armor
36:56 Hoardings
36:41 Elite War Elephant
38:25 Blast Furnace
40:17 Devotion
UOMOdelFORMAGGIO
3:21 Loom
12:00 Feudal Age
16:33 Castle Age
16:44 Town Watch
17:09 Double-Bit Axe
18:13 Bow Saw
20:05 Fletching
22:20 Fishing Lines
26:29 Horse Collar
28:48 Wheelbarrow
32:54 Imperial Age
31:26 Hand Cart
31:15 Squires
31:00 Pikeman
31:45 Scale Mail Armor
31:56 Forging
32:55 Chain Mail Armor
33:06 Halberdier
34:25 Iron Casting
34:30 Conscription
36:31 Blast Furnace
35:21 Man-at-Arms
36:10 Heavy Plow
36:17 Bodkin Arrow
36:33 Anarchy
36:00 Long Swordsman
Dwarf king
11:26 Feudal Age
13:04 Double-Bit Axe
15:51 Castle Age
14:02 Fishing Lines
17:11 Bow Saw
18:09 Loom
22:22 Gillnets
22:40 Horse Collar
27:15 Fletching
30:10 Imperial Age
28:16 Wheelbarrow
27:59 Gold Mining
28:26 Scale Barding Armor
28:32 Forging
28:33 Bloodlines
28:31 Stone Mining
28:43 Heavy Plow
29:31 Chain Barding Armor
29:45 Hand Cart
29:40 Town Watch
30:46 Iron Casting
30:13 Cavalier
31:40 Plate Barding Armor
31:21 Onager
31:53 Paladin
33:13 Conscription
37:49 Chemistry
37:49 Siege Onager
.
0:27 Loom
11:51 Feudal Age
17:14 Castle Age
15:41 Fletching
16:13 Double-Bit Axe
18:07 Bodkin Arrow
21:58 Crossbowman
28:57 Imperial Age
28:10 Ballistics
27:44 Gold Mining
28:06 Bow Saw
30:42 Chemistry
31:54 Bracer
34:00 Fishing Lines
35:03 Arbalester
ShadowMoneyWizardGang
0:28 Loom
10:55 Feudal Age
15:58 Castle Age
16:05 Double-Bit Axe
16:41 Fishing Lines
18:19 Wheelbarrow
19:25 Bow Saw
21:38 Gambesons
22:42 Man-at-Arms
24:04 Squires
23:56 Long Swordsman
28:48 Gillnets
30:37 Horse Collar
31:15 Fletching
32:29 Gold Mining
32:34 Stone Mining
33:03 Bodkin Arrow
33:47 Arson
33:48 Gambesons
34:10 Heavy Plow
37:04 Imperial Age
34:17 Pikeman
35:20 Scale Mail Armor
35:31 Forging
35:22 Murder Holes
36:43 Gold Shaft Mining
36:32 Hand Cart
36:57 Town Watch
38:01 Chain Mail Armor
38:22 Iron Casting
37:28 Halberdier
39:13 Plate Mail Armor
38:34 Two-Handed Swordsman
40:15 Ballistics
40:49 Stone Shaft Mining
Didi
0:46 Loom
11:32 Feudal Age
16:32 Castle Age
14:49 Double-Bit Axe
18:06 Fletching
23:52 Scale Mail Armor
25:05 Wheelbarrow
25:40 Gold Mining
26:32 Horse Collar
27:29 Heavy Plow
29:34 Bow Saw
30:25 Fortified Wall
30:26 Crossbowman
34:22 Imperial Age
33:17 Masonry
33:29 Ballistics
33:24 Bodkin Arrow
33:29 Padded Archer Armor
35:02 Leather Archer Armor
35:37 Bracer
37:20 Chemistry
37:35 Illumination
37:09 Arbalester
37:55 Thumb Ring
37:32 Onager
38:50 Squires
40:11 Gold Shaft Mining
40:32 Halberdier
Mati
7:03 Loom
9:12 Feudal Age
10:04 Double-Bit Axe
10:49 Town Watch
14:26 Castle Age
13:56 Horse Collar
18:03 Wheelbarrow
19:59 Hand Cart
19:33 Fishing Lines
21:13 Gillnets
24:52 Gold Mining
24:52 Stone Mining
31:48 Imperial Age
29:23 Fletching
29:34 Padded Archer Armor
29:38 Husbandry
30:23 Gold Shaft Mining
30:32 Bloodlines
31:03 Bodkin Arrow
31:42 Bow Saw
31:32 Heavy Plow
32:11 Stone Shaft Mining
32:20 Leather Archer Armor
32:22 Capped Ram
34:09 Chemistry
33:16 Siege Engineers
33:59 Conscription
34:04 Drill
34:02 Bracer
34:13 Elite Mangudai
35:27 Thumb Ring
36:31 Parthian Tactics
36:30 Ballistics
36:21 Masonry
36:06 Murder Holes
36:35 Caravan
37:05 Coinage
36:39 Siege Ram
37:57 Onager
39:29 Hoardings
38:56 Nomads
40:45 Banking
40:46 Siege Onager
NPG | FishCL
9:14 Loom
11:00 Feudal Age
13:09 Double-Bit Axe
15:45 Castle Age
16:45 Bow Saw
17:15 Fishing Lines
18:20 Gillnets
19:46 Wheelbarrow
24:50 Hand Cart
28:09 Imperial Age
26:10 Caravan
26:03 Gold Mining
27:14 Hand Cart
26:45 Town Watch
27:39 Gold Shaft Mining
26:56 Stone Mining
27:50 Scale Barding Armor
28:49 Husbandry
28:13 Cavalier
29:16 Conscription
29:48 Chivalry
30:31 Chain Barding Armor
30:22 Forging
29:56 Paladin
32:35 Plate Barding Armor
31:36 Capped Ram
34:23 Iron Casting
36:04 Blast Furnace
Connection lost

Rejoining the realm…

Still unreachable

The connection could not be restored.

Session expired

The server has moved on; the page needs a fresh start.